 Dungeon Crawl Stone Soup version 0.28-a0-233-gb8ca4b6547 (webtiles) character file.

Game seed: 16118947164075237545

1 bande the Shield-Bearer (level 1, 0/14 HPs)
             Began as a Gargoyle Fighter on Aug 23, 2021.
             Slain by a quokka (3 damage)
             ... on level 1 of the Dungeon.
             The game lasted 00:00:23 (76 turns).

bande the Shield-Bearer (Gargoyle Fighter)            Turns: 76, Time: 00:00:24

Health: 0/14       AC: 10    Str: 19    XL:     1   Next: 20%
Magic:  1/1        EV:  7    Int:  8    God:
Gold:   7          SH:  7    Dex:  9    Spells: 0/0 levels left

rFire   . . .      SeeInvis .   a - +0 war axe
rCold   . . .      Faith    .   c - +0 kite shield
rNeg    + . .      Spirit   .   b - +0 scale mail
rPois   ∞          Reflect  .   e - +1 hat
rElec   +          Harm     .   (no cloak)
rCorr   .          Rampage  .   (no gloves)
Will    .....                   (no boots)
Stlth   ..........              (no amulet)
HPRegen 0.04/turn               (no ring)
MPRegen 0.07/turn               (no ring)

@: no status effects
A: sickness immunity, AC +2, negative energy resistance 1, electricity
resistance, torment resistance 1, petrification resistance
a: no special abilities


You were on level 1 of the Dungeon.
You visited 1 branch of the dungeon, and saw 1 of its levels.

You collected 7 gold pieces.

Inventory:

Hand Weapons
 a - a +0 war axe (weapon)
Armour
 b - a +0 scale mail (worn)
 c - a +0 kite shield (worn)
 e - a +1 hat (worn)
Potions
 d - a potion of might


   Skills:
 + Level 3.3 Fighting
 + Level 1.7 Axes
 + Level 3.3 Armour
 + Level 3.3 Shields


You couldn't memorise any spells.
You didn't know any spells.
Your spell library contained the following spells:

 Spells                   Type           Power      Damage    Failure   Level
 Summon Guardian Golem    Hex/Summ       0%         N/A       100%        3
 Orb of Destruction       Conj           0%         N/A       100%        7
 Spellforged Servitor     Conj/Summ      0%         N/A       100%        7


Dungeon Overview and Level Annotations

Branches:
Dungeon (1/15)

Altars:


Innate Abilities, Weirdness & Mutations

You are immune to sickness and miasma.
Your stone body is resilient. (AC +2)
You are immune to poison.
You resist negative energy. (rN+)
You are resistant to electric shocks. (rElec)
You are resistant to unholy torment.
You are immune to petrification.


Message History

You block the quokka's attack. The gnoll hits you but does no damage.
You block the quokka's attack. The gnoll barely misses you.
You closely miss the quokka. You hit the dart slug but do no damage.
The quokka bites you but does no damage.
You block the gnoll's attack. You block the quokka's attack.
The dart slug bites you but does no damage.
You closely miss the ball python. You slash the dart slug!
You hit the quokka but do no damage.
The quokka bites you but does no damage.
The gnoll closely misses you.
The ball python bites you but does no damage.
You block the ball python's attack. The quokka closely misses you.
The dart slug launches a dart at you.
The slug dart hits you but does no damage.
The gnoll closely misses you. You block the ball python's attack.
The ball python grabs you. The ball python constricts you.
You escape the ball python's grasp.
You block the quokka's attack.
The ball python bites you but does no damage.
You block the ball python's attack.
There is a stone staircase leading down here.
You see here 12 gold pieces.
The quokka barely misses you.
You miss the quokka. You block the quokka's attack. x2
The gnoll hits you from afar with a +0 spear.
You closely miss the quokka.
The quokka bites you but does no damage.
You block the gnoll's attack.
The quokka bites you but does no damage.
The gnoll hits you but does no damage.
You completely miss the quokka. The quokka bites you.
The quokka barely misses you.
The gnoll hits you from afar with a +0 spear.
* * * LOW HITPOINT WARNING * * *
You hit the quokka but do no damage. The quokka barely misses you.
The gnoll hits you but does no damage. The quokka misses you.
The gnoll hits you but does no damage.
You hit the quokka.
The quokka is severely wounded.
The quokka bites you.
You die...

##?.##...[...
#............
#..$>.l..##
#######..###.#.....
.........##...#####
#######l.#.#.#.###
#Sg......... ###
#r##.#.#.### ..###
#@##....#
.....###.##.#.#######
#.#≈≈≈≈≈≈≈≈.≈≈≈≈≈≈≈≈#
##.#≈####≈≈≈.≈≈≈####≈#
....≈#8.####'####.>#≈#
#≈#..'.......+..#≈#
####≈##'####'####+##≈#
#...≈≈#.#.......#.#≈≈#
#.##≈≈#.#...8...#.#≈≈#


You could see a gnoll, a quokka, a ball python and a frilled lizard.

Vanquished Creatures
  A quokka (D:1)
1 creature vanquished.

Notes
Turn   | Place    | Note
-------+----------+-------------------------------------------
     0 | D:1      | bande the Gargoyle Fighter began the quest for the Orb.
     0 | D:1      | Reached XP level 1. HP: 14/14 MP: 1/1
    76 | D:1      | Slain by a quokka

Illustrated notes

Levels and vault maps discovered:
D:1:      heliophobic_arrival_glass_houses, layout_loops_ring, minmay_cut_off

Action                   || total
-------------------------++-------
Melee: War axe           ||    13
  Use: Potion            ||     1
Armor: Scale mail        ||    19
Dodge: Dodged            ||    11
Block: Kite shield       ||    15

Table legend: (Time is in decaauts)
 A = Elapsed time spent in this place.
 B = Non-inter-level travel time spent in this place.
 C = Inter-level travel time spent in this place.
 D = Time resting spent in this place.
 E = Time spent auto-exploring this place.
 F = Levels seen in this place.
 G = Mean time per level.
                   A        B        C        D        E       F      G
               +--------+--------+--------+--------+--------+-----+--------+
         Total |     83 |     83 |      0 |      0 |     36 |   1 |   83.0 |
       Dungeon |     83 |     83 |      0 |      0 |     36 |   1 |   83.0 |
               +--------+--------+--------+--------+--------+-----+--------+

Top non-repeatable levels by time:
     D:1: 83 daAuts
